 Dungeon Crawl Stone Soup version 0.21-a0-404-g291f19a (webtiles) character file.

4503 Astral24 the Basher (level 10, -3/54 HPs)
             Began as a Gargoyle Fighter on Oct 28, 2017.
             Was a Believer of Okawaru.
             Slain by an orc warrior
             ... wielding a +0 hand axe
              (9 damage)
             ... on level 8 of the Dungeon.
             The game lasted 01:27:05 (8855 turns).

Astral24 the Basher (Gargoyle Fighter)              Turns: 8855, Time: 01:27:05

Health: -3/54      AC: 22    Str: 23    XL:     10   Next: 39%
Magic:  8/10       EV: 11    Int:  9    God:    Okawaru [**....]
Gold:   293        SH: 14    Dex:  9    Spells: 8/9 levels left

rFire    . . .     SeeInvis .   x - +1 whip (freeze)
rCold    . . .     Gourm    +   c - +1 shield
rNeg     + . .     Faith    .   l - +0 chain mail
rPois    ∞         Spirit   .   u - +0 helmet
rElec    +         Reflect  .   (no cloak)
rCorr    .         Harm     .   e - +0 pair of gloves
MR       +....                  (no boots)
Stlth    ++........             v - amulet of the gourmand
HPRegen  0.18/turn              i - ring of stealth
MPRegen  0.12/turn              (no ring)

@: heroism
A: frail 1, magic resistance 1, negative energy resistance 1, electricity
resistance, unbreathing, petrification resistance, rot immunity, AC +7
a: Heroism, Renounce Religion


You were on level 8 of the Dungeon.
You worshipped Okawaru.
Okawaru was pleased with you.
You were completely stuffed.

You visited 1 branch of the dungeon, and saw 8 of its levels.

You collected 293 gold pieces.

Inventory:

Hand Weapons
 x - a +1 whip of freezing (weapon)
 B - a +2 flail of protection
 F - a +0 flail of crushing
Missiles
 h - 205 stones (quivered)
Armour
 c - a +1 shield (worn)
 e - a +0 pair of gloves (worn)
 l - a +0 chain mail (worn)
 u - a +0 helmet (worn)
Jewellery
 a - a cursed -3 ring of protection
 i - a ring of stealth (left hand)
 k - an uncursed ring of protection from cold {unknown}
 v - an amulet of the gourmand (around neck)
Wands
 D - a wand of iceblast (15/15)
Scrolls
 o - 2 scrolls of remove curse
 r - a scroll of enchant weapon
 t - 3 scrolls of identify
Comestibles
 f - 10 bread rations
 j - a fruit
 m - 2 royal jellies
 n - a chunk of flesh
 z - 5 meat rations


   Skills:
 * Level 6.2(11.2) Fighting
 * Level 9.0(14.0) Maces & Flails
 + Level 1.2(6.2) Throwing
 * Level 6.9(11.9) Armour
 + Level 1.6(6.6) Dodging
 * Level 5.9(10.9) Stealth
 * Level 8.8(13.8) Shields
 + Level 1.2 Invocations


You had 8 spell levels left.
You knew the following spells:

 Your Spells              Type           Power        Failure   Level  Hunger
a - Pain                  Necr           #...         94%         1    ##.....


Dungeon Overview and Level Annotations

Branches:
Dungeon (8/15)             Temple (0/1) D:5            Lair (0/6) D:8

Altars:
Hepliaklqana
Kikubaaqudgha
Okawaru
Ru
Sif Muna
Vehumet
Wu Jian
Yredelemnul
Zin

Shops:
D:5 }

Annotations:
D:8 Caerwyn's ghost, novice GnSk


Innate Abilities, Weirdness & Mutations

You are resistant to torment.
Your stone body is resilient. (AC +7)
You are immune to poison.
You resist negative energy. (rN+)
You are resistant to electric shocks. (rElec)
You can survive without breathing.
You are immune to petrification.
You are immune to rotting.
You are frail. (-10% HP)
You are resistant to hostile enchantments. (MR+)


Message History

You block the orc warrior's attack.
You gain the combat prowess of a mighty hero.
The orc warrior hits you with a hand axe.
* * * LOW HITPOINT WARNING * * *
You hit the orc warrior but do no damage.
The orc warrior is lightly wounded.
You hit the orc warrior but do no damage.
The orc warrior is lightly wounded.
You block the orc warrior's attack.
You hit the orc warrior. You freeze the orc warrior.
The orc warrior is moderately wounded.
You barely miss the orc warrior.
The orc warrior is moderately wounded.
The orc warrior hits you but does no damage.
You hit the orc warrior but do no damage.
The orc warrior is moderately wounded.
You hit the orc warrior. You freeze the orc warrior.
The orc warrior is heavily wounded.
The orc warrior hits you with a hand axe!
You die...

#.. .# #? #..
#.# #.# #.. #.#
#.# #.. #$# #.#
#.. #.#.# #.#
#.. #.#.#.# #..
#.#.# #...#..
.#@#.# #...#..
#.#o#.# #...#.#
#.#.#.#.#
#...#.# #.#
#.#.#.## #...#.#
#.#
#.#.#.#####..#.#
#.#
#.#†#.##<#..#<#
#.#
#.#†###.#...##
(#
##.#.##.#.....
####.#.#...##


You could see an orc warrior.

Vanquished Creatures
  Pikel (D:4)
  A hippogriff (D:8)
  6 yaks (D:6)
  A hungry ghost (D:7)
  Eustachio (D:4)
  An orc warrior (D:7)
  An ice beast (D:5)
  A phantom (D:4)
  5 sky beasts
  3 ogres
  A centaur (D:7)
  4 bullfrogs
  A wyvern zombie (D:6)
  2 water moccasin zombies (D:6)
  A scorpion (D:5)
  A howler monkey (D:5)
  3 bullfrog zombies (D:6)
  2 crimson imps (D:5)
  3 hounds
  2 bullfrog skeletons (D:6)
  A jelly (D:5)
  8 orc priests
  7 orc wizards
  An iguana (D:7)
  A killer bee zombie (D:6)
  A hound zombie (D:6)
  A hound skeleton (D:4)
  A howler monkey zombie (D:6)
  6 gnolls (D:5)
  10 adders
  An ooze (D:2)
  3 adder skeletons
  An adder zombie (D:6)
  5 dart slugs
  2 worms (D:3)
  2 leopard geckos
  25 orcs
  7 giant cockroaches
  11 goblins
  16 hobgoblins
  8 jackals
  16 kobolds
  4 quokkas
  A ball python (D:1)
  9 bats
  8 frilled lizards
  A jackal skeleton (D:5)
  A jackal zombie (D:6)
  A quokka zombie (D:6)
  7 rats
207 creatures vanquished.

Vanquished Creatures (others)
  An orc wizard (D:5)
1 creature vanquished.

Grand Total: 208 creatures vanquished

Notes
Turn   | Place    | Note
-------+----------+-------------------------------------------
     0 | D:1      | Astral24 the Gargoyle Fighter began the quest for the Orb.
     0 | D:1      | Reached XP level 1. HP: 14/14 MP: 1/1
    93 | D:1      | Reached XP level 2. HP: 15/19 MP: 2/2
   385 | D:1      | Reached XP level 3. HP: 21/23 MP: 3/3
   689 | D:1      | Reached skill level 1 in Stealth
  1085 | D:2      | Noticed an ogre
  1092 | D:2      | Reached XP level 4. HP: 28/28 MP: 4/4
  1099 | D:2      | Killed an ogre
  1099 | D:2      | Reached skill level 3 in Maces & Flails
  1099 | D:2      | Reached XP level 5. HP: 6/33 MP: 5/5
  1858 | D:2      | Reached skill level 4 in Maces & Flails
  1858 | D:2      | Reached XP level 6. HP: 38/38 MP: 6/6
  2050 | D:3      | Found a sacrificial altar of Ru.
  2758 | D:3      | Found an ornate altar of the Wu Jian Council.
  2973 | D:4      | Noticed a phantom
  3065 | D:4      | Killed a phantom
  3382 | D:4      | Noticed Eustachio
  3433 | D:4      | Killed Eustachio
  3433 | D:4      | Reached skill level 5 in Maces & Flails
  3433 | D:4      | Reached XP level 7. HP: 41/43 MP: 7/7
  3529 | D:4      | Noticed Pikel
  3562 | D:4      | Killed Pikel
  3562 | D:4      | Reached skill level 5 in Armour
  3562 | D:4      | Reached skill level 1 in Dodging
  3562 | D:4      | Reached skill level 5 in Shields
  3562 | D:4      | Reached XP level 8. HP: 42/48 MP: 8/8
  3913 | D:5      | Entered Level 5 of the Dungeon
  3948 | D:5      | Found an iron altar of Okawaru.
  3973 | D:5      | Became a worshipper of Warmaster Okawaru
  4056 | D:5      | Reached skill level 6 in Maces & Flails
  4216 | D:5      | Found Uquatz's Gadget Boutique.
  4371 | D:5      | Reached skill level 1 in Throwing
  4451 | D:5      | Reached * piety under Okawaru
  4451 | D:5      | Reached skill level 5 in Fighting
  4832 | D:5      | Reached XP level 9. HP: 40/54 MP: 7/9
  4964 | D:5      | Found a glowing silver altar of Zin.
  5016 | D:5      | Found a deep blue altar of Sif Muna.
  5016 | D:5      | Found an ancient bone altar of Kikubaaqudgha.
  5018 | D:5      | Found a radiant altar of Vehumet.
  5023 | D:5      | Identified Kikubaaqudgha's Guide on Unholy Magic
  5030 | D:5      | Learned a level 1 spell: Pain
  5302 | D:5      | Found a staircase to the Ecumenical Temple.
  5569 | D:6      | Reached skill level 7 in Maces & Flails
  6422 | D:6      | Reached skill level 5 in Stealth
  6485 | D:6      | Reached ** piety under Okawaru
  6716 | D:6      | Reached skill level 8 in Maces & Flails
  6745 | D:6      | Reached XP level 10. HP: 58/60 MP: 7/10
  7260 | D:7      | Gained mutation: You are frail. (-10% HP) [mutagenic meat]
  7261 | D:7      | Gained mutation: You are resistant to hostile enchantments. (MR+) [mutagenic meat]
  7835 | D:7      | Found a basalt altar of Yredelemnul.
  8145 | D:7      | Found a hazy altar of Hepliaklqana.
  8669 | D:8      | Reached skill level 9 in Maces & Flails
  8689 | D:8      | Reached skill level 1 in Invocations
  8729 | D:8      | Noticed Caerwyn's ghost (novice GnSk)
  8729 | D:8      | Found a staircase to the Lair.
  8855 | D:8      | Slain by an orc warrior

Vault maps used:
D:1:      co_arrival_square_in_a_square_in_a_square, serial_glass,
          glass_columns_a, glass_columns_a, glass_columns_c, minmay_tetromino_l4
D:2:      first_bread
D:3:      minmay_diamond_boxcup, marbit_many_paths, old_standard_altar
D:4:      uniq_pikel, uniq_eustachio
D:5:      minmay_thick_lines, grunt_temple_overflow_magic_moments,
          okawaru_altar_gauntlet_db, nicolae_overflow_hidden_temple,
          minmay_temple_entry_overgrown, serial_shops, shop_statue
D:6:      serial_undead, serial_undead_e, serial_undead_d, serial_undead_a,
          serial_undead_b, serial_undead_a, serial_undead_d, serial_undead_f,
          hangedman_abyss_or_decor_passed
D:7:      overflow_temple_1_default, basic_altar, grunt_ogre_cave
D:8:      minmay_imperfect_grid, chequers_temple_overflow_statue_of_worship,
          minmay_mini_ossuary, uniq_grum

Skill      XL: |  1  2  3  4  5  6  7  8  9 10 |
---------------+-------------------------------+-----
Stealth        | 1 2 3 4 5 |  5.9
Maces & Flails | 3 4 5 6 8 9 |  9.0
Shields        | 4 5 6 8 |  8.8
Armour         | 4 5 6 |  6.9
Fighting       | 4 5 6 |  6.2
Dodging        | 1 |  1.6
Throwing       | 1 |  1.2
Invocations    | 1 |  1.2

Action                   |  1- 3 |  4- 6 |  7- 9 | 10-12 || total
-------------------------+-------+-------+-------+-------++-------
Melee: Flail             |   167 |   203 |   158 |    23 ||   551
       Mace              |       |   140 |    31 |       ||   171
       Whip              |       |       |   443 |   345 ||   788
Throw: Stone             |    34 |    35 |    41 |       ||   110
Invok: Heroism           |       |       |    12 |     8 ||    20
  Use: Potion            |     1 |     4 |     3 |       ||     8
       Scroll            |       |       |       |    16 ||    16
 Stab: Invisible         |       |     3 |     2 |       ||     5
  Eat: Chunk             |     1 |    25 |    15 |    17 ||    58
Armor: Scale mail        |    85 |       |       |       ||    85
       Chain mail        |    20 |   287 |   256 |   123 ||   686
Dodge: Dodged            |    56 |    95 |   112 |    57 ||   320
Block: Shield            |   107 |   206 |   269 |   122 ||   704

Table legend:
 A = Spawn XP
 B = Non-spawn XP
 C = Spawn XP percentage of total XP
 D = Spawn monster count
 E = Non-spawn monster count
 F = Spawn count percentage of total count
 G = Total turns spent on level
                    A         B        C        D         E        F      G
               +---------+---------+-------+---------+---------+-------+---------
         Total |       0 |    6434 |   0.0 |       0 |     208 |   0.0 |  8855
               +---------+---------+-------+---------+---------+-------+---------
           D:1 |       0 |      62 |   0.0 |       0 |      34 |   0.0 |  1061
           D:2 |       0 |     268 |   0.0 |       0 |      33 |   0.0 |   789
           D:3 |       0 |     114 |   0.0 |       0 |      33 |   0.0 |  1123
           D:4 |       0 |    1011 |   0.0 |       0 |       7 |   0.0 |   940
           D:5 |       0 |    1110 |   0.0 |       0 |      36 |   0.0 |  1599
           D:6 |       0 |    2215 |   0.0 |       0 |      37 |   0.0 |  1691
           D:7 |       0 |    1166 |   0.0 |       0 |      21 |   0.0 |  1401
           D:8 |       0 |     488 |   0.0 |       0 |       7 |   0.0 |   251
               +---------+---------+-------+---------+---------+-------+---------
